 Dungeon Crawl Stone Soup version 0.31.0-4-g52a2dc7128 (webtiles) character file.

Game seed: 5135124176031240854

267624 hikkokomori the Warrior (level 20, -12/135 (136) HPs)
             Began as a Gargoyle Fighter on Jan 22, 2024.
             Was an Elder of Okawaru.
             Killed from afar by a Hell Sentinel (36 damage)
             ... with an iron shot
             ... summoned by a deep elf demonologist
             ... in the Arena on Jan 23, 2024.
             The game lasted 01:46:03 (34552 turns).

hikkokomori the Warrior (Gargoyle Fighter)         Turns: 34552, Time: 01:46:04

HP:   -12/135 (136) AC: 51    Str: 24    XL:     20   Next: 13%
MP:   18/29         EV: 14    Int: 17    God:    Okawaru [****..]
Gold: 3623          SH: 16    Dex:  9    Spells: 20/28 levels left

rFire   + . .        D - +6 broad axe (vamp)
rCold   + . .        j - +2 kite shield {reflect}
rNeg    + . .        J - +3 gold dragon scales "Niroi" {^Drain rPois rF+ rC+ Will++}
rPois   ∞            r - +1 helmet
rElec   +            W - scarf {repulsion}
rCorr   .            c - +0 pair of gloves of Impressiveness {Int+3}
SInv    +            T - +3 pair of seven-league boots {Rampage+∞}
Will    +++..        e - amulet of regeneration Stlth
                     K - ring of see invisible
HPRegen 1.22/turn    V - +5 ring of evasion
MPRegen 0.21/turn

%: repel missiles, reflection, rampage+∞
@: on fire, heroic, flying, glowing, lightly drained, duelling
A: sickness immunity, AC +15, big wings, negative energy resistance 1,
electricity resistance, torment resistance 1, petrification resistance
}: 2/15 runes: decaying, serpentine
a: Renounce Religion, Heroism, Finesse


You were in the Arena.
You worshipped Okawaru.
Okawaru was greatly pleased with you.
You visited 8 branches of the dungeon, and saw 35 of its levels.
You visited the Abyss 1 time.
You also visited: Bailey and Gauntlet.

You collected 4372 gold pieces.
You spent 749 gold pieces at shops.

Inventory:

Hand Weapons
 g - a +1 hand axe of flaming
 o - a +2 heavy broad axe
 z - a +2 eveningstar of electrocution
 D - a +6 vampiric broad axe (weapon)
Missiles
 a - 3 silver javelins
 s - 36 boomerangs
 u - a throwing net
 N - 55 javelins (quivered)
 R - 4 curare-tipped darts
Armour
 c - the +0 pair of gloves of Impressiveness (worn) {Int+3}
   (You found it in a Gauntlet)

   Int+3:     It affects your intelligence (+3).
 j - a +2 kite shield of reflection (worn)
 r - a +1 helmet (worn)
 J - the +3 gold dragon scales "Niroi" (worn) {^Drain rPois rF+ rC+ Will++}
   (You found it on level 12 of the Dungeon)

   rF+:       It protects you from fire.
   rC+:       It protects you from cold.
   rPois:     It protects you from poison Will++: It greatly increases your
   willpower.
   ^Drain:    It drains your maximum health when unequipped.
 T - the +3 pair of seven-league boots (worn) {Rampage+∞}
   (You found it in a Gauntlet)

   Rampage+∞: When moving toward enemies, its wearer moves as far as possible,
   alerting their target en route.
 W - a scarf of repulsion (worn)
Jewellery
 e - an amulet of regeneration (around neck)
 q - the ring of Baum {rC- rN+ Str+6 Dex+5}
   (You found it on level 4 of the Dungeon)

   [ring of strength]

   Str+6:     It affects your strength (+6).
   Dex+5:     It affects your dexterity (+5).
   rC-:       It makes you vulnerable to cold.
   rN+:       It protects you from negative energy.
 A - the ring "Xugrioh" {rElec rPois rN+ Dex+3}
   (You found it on level 12 of the Dungeon)

   [ring of poison resistance]

   Dex+3:     It affects your dexterity (+3).
   rElec:     It insulates you from electricity.
   rPois:     It protects you from poison rN+: It protects you from negative
   energy.
 K - a ring of see invisible (left hand)
 V - a +5 ring of evasion (right hand)
Wands
 v - a wand of quicksilver (8)
 x - a wand of flame (56)
 y - a wand of digging (7)
 F - a wand of polymorph (33)
 Z - a wand of roots (23)
Scrolls
 k - 7 scrolls of fear
 l - 4 scrolls of blinking
 n - 3 scrolls of vulnerability
 t - 3 scrolls of brand weapon
 w - 3 scrolls of silence
 L - 4 scrolls of fog
 M - 12 scrolls of teleportation
 O - 2 scrolls of immolation
 P - 8 scrolls of enchant armour
 X - 3 scrolls of poison
 Y - a scroll of revelation
Potions
 b - a potion of invisibility
 f - 3 potions of mutation
 h - a potion of berserk rage
 i - 5 potions of enlightenment
 m - 2 potions of attraction
 p - 6 potions of haste
 B - 2 potions of resistance
 C - 14 potions of curing
 G - 5 potions of cancellation
 H - 5 potions of magic
 Q - a potion of ambrosia
 S - 5 potions of might
 U - 3 potions of heal wounds
Miscellaneous
 d - a tin of tremorstones (1/2)
 E - a phial of floods (inert)
 I - a lightning rod (4/4)


   Skills:
 - Level 18.3(23.3) Fighting
 + Level 12.3(18.2) Axes
 - Level 8.5(17.0) Maces & Flails
 + Level 8.7(13.7) Throwing
 + Level 16.4(21.4) Armour
 + Level 7.4(12.4) Dodging
 - Level 15.3(20.3) Shields
 - Level 4.7 Spellcasting
 - Level 5.1 Summonings
 - Level 12.2 Invocations
 + Level 11.7 Evocations


You had 20 spell levels left.
You knew the following spells:

 Your Spells              Type           Power      Damage    Failure   Level
a - Call Canine Familiar  Summ           21%        N/A       67%         3
b - Freezing Cloud        Conj/Ice/Air   2%         6-21      100%        5

Your spell library contained the following spells:

 Spells                   Type           Power      Damage    Failure   Level
 Freeze                   Ice            16%        1d4       95%         1
 Shock                    Conj/Air       16%        1d4       95%         1
 Mercury Vapours          Alch/Air       8%         N/A       98%         2
 Static Discharge         Conj/Air       8%         3-4/arc   98%         2
 Dazzling Flash           Conj/Hex       8%         N/A       100%        3
 Frozen Ramparts          Ice            8%         1d2       100%        3
 Fugue of the Fallen      Necr           4%         N/A       100%        3
 Gell's Gravitas          Tloc           4%         N/A       100%        3
 Hailstorm                Conj/Ice       4%         3d5       100%        3
 Mephitic Cloud           Conj/Alch/Air  4%         N/A       100%        3
 Ozocubu's Armour         Ice            4%         N/A       100%        3
 Swiftness                Air            4%         N/A       100%        3
 Teleport Other           Tloc           4%         N/A       100%        3
 Volatile Blastmotes      Fire/Tloc      8%         2d10      100%        3
 Airstrike                Air            2%         2d(1-17)  100%        4
 Flame Wave               Conj/Fire      4%         2d5       100%        4
 Ignite Poison            Fire/Alch      4%         N/A       100%        4
 Leda's Liquefaction      Alch/Erth      2%         N/A       100%        4
 Manifold Assault         Tloc           4%         N/A       100%        4
 Petrify                  Alch/Erth      4%         N/A       100%        4
 Alistair's Intoxication  Alch           2%         N/A       100%        5
 Borgnjor's Vile Clutch   Necr/Erth      2%         N/A       100%        5
 Curse of Agony           Necr           4%         N/A       100%        5
 Iskenderun's Battlesphe  Conj           4%         2d6       100%        5
 Metabolic Englaciation   Hex/Ice        2%         N/A       100%        5
 Silence                  Hex/Air        2%         N/A       100%        5
 Bombard                  Conj/Erth      2%         9d1       100%        6
 Dispersal                Tloc           2%         N/A       100%        6
 Eringya's Noxious Bog    Alch           2%         4d6       100%        6
 Starburst                Conj/Fire      2%         6d3       100%        6
 Disjunction              Tloc           2%         N/A       100%        8
 Ignition                 Fire           2%         3d3       100%        8
 Maxwell's Capacitive Co  Air            2%         ∞         100%        8
 Summon Small Mammal      Summ           Unusable   N/A       N/A         1
 Cigotuvi's Dreadful Rot  Necr/Alch/Air  Unusable   N/A       N/A         2
 Animate Dead             Necr           Unusable   N/A       N/A         4
 Summon Blazeheart Golem  Fire/Summ      Unusable   N/A       N/A         4
 Summon Lightning Spire   Summ/Air       Unusable   N/A       N/A         4
 Death Channel            Necr           Unusable   N/A       N/A         6
 Sculpt Simulacrum        Ice/Alch       Unusable   N/A       N/A         6
 Spellforged Servitor     Conj/Summ      Unusable   N/A       N/A         7

Dungeon Overview and Level Annotations

Branches:
Dungeon (15/15)            Temple (1/1) D:5            Lair (5/5) D:8
  Swamp (4/4) Lair:2        Snake (4/4) Lair:2        Slime (1/5) Lair:4
    Orc (2/2) D:10            Elf (3/3) Orc:2        Vaults (0/5) D:13
 Depths (0/4) D:15         Bailey (visited)         Gauntlet (visited)

Altars:
Ashenzari
Cheibriados
Dithmenos
Elyvilon
Fedhas
Gozag
Hepliaklqana
Kikubaaqudgha
Makhleb
Nemelex Xobeh
Okawaru
Qazlal
Ru
Sif Muna
Trog
Uskayaw
Vehumet
Wu Jian
Xom
Yredelemnul
Zin
The Shining One
Jiyva

Shops:
D:9 *[   D:11 =   D:13 :   Orc:2 !![!   Elf:2 (   Elf:3 (

Annotations:
D:5 1 runed translucent door, Shen's ghost, novice OpSh
D:6 3 runed translucent doors, Sirjeffry24's ghost, novice FoFi; dchavez06's ghost, novice TrWr; jpg7707's ghost, amateur DsNe


Innate Abilities, Weirdness & Mutations

You are immune to sickness and miasma.
Your stone body is resilient. (AC +15)
You are immune to poison.
Your large and strong wings let you fly.
You resist negative energy. (rN+)
You are resistant to electric shocks. (rElec)
You are resistant to unholy torment.
You are immune to petrification.


Message History

The liquid fire burns you!
* * * LOW HITPOINT WARNING * * *
The deep elf demonologist seems less brilliant.
The balrug misses you.
The deep elf demonologist gestures wildly while chanting.
You hit the deep elf demonologist.
You feel better.
The deep elf demonologist is heavily wounded.
You slash the Hell Sentinel! You slice the balrug!! The liquid fire burns you!
* * * LOW HITPOINT WARNING * * *
The balrug gestures at you. Something smites you!
* * * LOW HITPOINT WARNING * * *
The deep elf demonologist mumbles some strange words.
Unknown command.
Unknown command.
Unknown command.
You barely miss the deep elf demonologist.
The deep elf demonologist is heavily wounded.
You hit the balrug.
You hit the Hell Sentinel but do no damage.
You slash the hellion! The liquid fire burns you!
* * * LOW HITPOINT WARNING * * *
The Hell Sentinel hits you but does no damage. x2
The balrug gestures at you. Something smites you!
* * * LOW HITPOINT WARNING * * *
You block the hellion's attack.
Unknown command.
Unknown command.
Unknown command.
Unknown command.
You feel much better. The liquid fire burns you!
* * * LOW HITPOINT WARNING * * *
The deep elf demonologist casts a spell.
The Hell Sentinel gestures at you. The iron shot hits you!!!
You die...

#########
#.▓...▓.#
#.▓.8.▓p#
#.▓...▓▓#
#.▓...▓.#
#p▓...▓p#
#p▓.2e▓▓#
#▓▓3@.▓∩#
#p▓2.1▓▓#
#p▓...▓p#
#.▓...▓.#
#.▓...▓▓#
#.▓.8.▓p#
#.▓...▓.#
#########


You could see a Hell Sentinel (summoned), a balrug (summoned), a deep elf
demonologist, a sixfirhy (summoned) and a hellion (summoned).

Vanquished Creatures
  the Lernaean hydra (Swamp:4)
  Vashnia (Snake:4)
  A lich (Abyss:3)
  A deep elf master archer (Elf:3)
  A tentacled starspawn (Abyss:3)
  A thorn hunter (Swamp:4)
  Agnes (Snake:2)
  Aizul (Snake:4)
  7 nagarajas
  A deep elf elementalist (Elf:3)
  A deep elf sorcerer (Elf:3)
  A very ugly thing (Abyss:3)
  2 ghouls (Swamp:3)
  2 eleionomae
  6 deep elf death magi
  2 deep elf annihilators (Elf:3)
  A dire elephant (D:15)
  2 minotaurs
  2 bunyips
  An entropy weaver (shapeshifter) (Elf:1)
  A shambling mangrove (Swamp:4)
  2 deep elf high priests (Elf:3)
  2 vault guards (D:13)
  21 hydras
  A rakshasa (Abyss:3)
  5 ogre magi
  A hell beast (Gauntlet)
  A salamander tyrant (Snake:4)
  10 alligators
  2 boulder beetles
  4 catoblepae (Lair:5)
  3 anacondas
  6 centaur warriors
  2 ghost crabs
  19 two-headed ogres
  38 dancing weapons
  5 tengu warriors
  4 death yaks (Lair:5)
  8 naga warriors
  5 shock serpents (Snake:2)
  A soul eater (Abyss:3)
  15 naga sharpshooters
  2 occultists (Abyss:3)
  15 deep elf knights
  8 salamander mystics
  A wretched star (Abyss:3)
  A skyshark (Lair:5)
  5 goliath frogs
  4 spriggan druids
  6 mana vipers
  A skeletal warrior (D:12)
  A spriggan simulacrum (Abyss:3)
  8 swamp dragons
  5 bog bodies
  A flayed ghost (Abyss:3)
  Pikel (D:4)
  An arcanist (D:13)
  9 deep elf archers
  30 deep elf zephyrmancers
  32 deep elf pyromancers
  5 naga ritualists
  15 ugly things
  3 necromancers (D:13)
  5 orc knights
  An orc sorcerer (Orc:1)
  3 cyclopes
  2 will-o-the-wisps
  2 salamanders (shapeshifter)
  9 salamanders
  5 manticores
  28 black mambas
  A meliai (shapeshifter) (Abyss:3)
  An ice statue (Gauntlet)
  2 kobold blastminers (Orc:2)
  An orange demon (Abyss:3)
  2 gargoyles
  2 guardian serpents
  A rust devil (Abyss:3)
  19 naga magi
  A smoke demon (Abyss:3)
  10 cane toads
  An unseen horror (D:12)
  3 large abominations (Abyss:3)
  A torpor snail (Lair:5)
  2 unseen horror zombies (D:9)
  8 komodo dragons
  2 kobold demonologists (D:12)
  Jeremiah (D:8)
  2 efreet
  6 rime drakes
  2 tengu conjurers
  An ancient zyme (Abyss:3)
  5 tyrant leeches
  A hellwing (Abyss:3)
  4 trolls
  8 hornets
  A troll (shapeshifter) (D:15)
  2 polar bears
  4 raiju (Abyss:3)
  38 blink frogs
  A snapping turtle (D:10)
  5 slime creatures (D:12)
  3 air elementals
  2 wraiths
  5 spriggans
  3 shadows
  4 centaur simulacra
  7 starcursed masses (Abyss:3)
  2 vampires
  5 water elementals
  Eustachio (D:3)
  3 fire elementals
  82 yaks
  19 humans (D:13)
  A warg (Orc:2)
  7 vampire mosquitoes
  5 chaos spawn
  5 basilisks
  2 neqoxecs
  A small abomination (Abyss:3)
  A steam dragon (D:7)
  38 nagas
  15 swamp worms
  2 acid dragons
  14 water moccasins
  A black bear (D:5)
  3 ice beasts
  16 orc warriors
  4 swamp drakes (Swamp:4)
  2 sky beasts
  25 ogres
  6 wolves
  5 boggarts (D:14)
  19 centaurs
  3 lemures (D:3)
  A phantom (D:5)
  3 kobold brigands
  A necrophage (Swamp:3)
  2 gnoll sergeants
  3 brain worms (Abyss:3)
  6 bullfrogs
  A scorpion (D:6)
  A brain worm (shapeshifter) (D:13)
  5 earth elementals
  9 wights
  17 killer bees
  6 howler monkeys (D:9)
  2 electric eels
  A bombardier beetle (D:4)
  3 centaur zombies (D:9)
  A human zombie (D:9)
  2 hounds
  A jelly (D:6)
  6 orc priests
  A sleepcap (D:4)
  An iguana (Lair:2)
  7 orc wizards
  5 hell rats
  3 gnolls (D:6)
  A howler monkey zombie (D:9)
  A howler monkey skeleton (D:9)
  12 adders
  13 white imps
  2 ufetubi (D:6)
  5 dart slugs
  3 ribbon worms
  53 orcs
  6 bats
  7 endoplasms
  3 giant cockroaches
  10 goblins
  4 hobgoblins
  5 jackals (D:1)
  5 quokkas
  5 ball pythons
  3 frilled lizards
  22 kobolds
  7 rats
  A starspawn tentacle (Abyss:3)
1106 creatures vanquished.

Vanquished Creatures (others)
  A nagaraja (Snake:4)
  A dancing weapon (Elf:1)
  A naga warrior (Snake:4)
  2 deep elf knights (Elf:1)
  A deep elf archer (Elf:1)
  4 deep elf zephyrmancers
  A deep elf pyromancer (Elf:1)
  A will-o-the-wisp (Swamp:3)
  3 bloated husks
  A blink frog (Abyss:3)
  A water elemental (Elf:1)
  A naga (Snake:4)
  2 swamp worms
  A centaur (Bailey)
  9 foxfires
  2 starspawn tentacles (Abyss:3)
32 creatures vanquished.

Grand Total: 1138 creatures vanquished

Notes
Turn   | Place    | Note
-------+----------+-------------------------------------------
     0 | D:1      | hikkokomori the Gargoyle Fighter began the quest for the
                  | Orb.
     0 | D:1      | Reached XP level 1. HP: 14/14 MP: 1/1
    97 | D:1      | Reached XP level 2. HP: 17/19 MP: 2/2
   517 | D:1      | Reached XP level 3. HP: 24/24 MP: 3/3
   870 | D:2      | Reached skill level 4 in Fighting
  1005 | D:2      | Found a sacrificial altar of Ru.
  1018 | D:2      | Reached XP level 4. HP: 26/29 MP: 4/4
  1363 | D:2      | Found a faded altar of an unknown god.
  1586 | D:2      | Reached XP level 5. HP: 34/34 MP: 5/5
  2261 | D:3      | Reached skill level 5 in Fighting
  2261 | D:3      | Reached skill level 5 in Shields
  3188 | D:4      | Reached XP level 6. HP: 38/40 MP: 6/6
  3215 | D:4      | Noticed Pikel
  3412 | D:4      | Noticed Eustachio
  3445 | D:3      | Killed Eustachio
  3446 | D:3      | Reached skill level 6 in Fighting
  3713 | D:4      | Reached XP level 7. HP: 34/46 MP: 7/7
  3773 | D:4      | Killed Pikel
  3774 | D:4      | Reached skill level 7 in Fighting
  3774 | D:4      | Reached XP level 8. HP: 19/53 MP: 8/8
  3781 | D:4      | Learned a level 3 spell: Call Canine Familiar
  3967 | D:4      | Identified the ring of Baum {rC- rN+ Str+6 Dex+5}
  4200 | D:5      | Entered Level 5 of the Dungeon
  4394 | D:5      | Found a runed translucent door.
  4494 | D:5      | Found a staircase to the Ecumenical Temple.
  4511 | D:5      | Noticed Shen's ghost (novice OpSh)
  4518 | D:5      | Reached skill level 1 in Spellcasting
  4518 | D:5      | Reached skill level 1 in Summonings
  5016 | D:6      | Found a runed translucent gate.
  5017 | D:6      | Found a runed translucent gate.
  5017 | D:6      | Found a runed translucent gate.
  5022 | D:6      | Noticed dchavez06's ghost (novice TrWr)
  5022 | D:6      | Noticed jpg7707's ghost (amateur DsNe)
  5022 | D:6      | Noticed Sirjeffry24's ghost (novice FoFi)
  5044 | D:6      | Found a broken altar of Ashenzari.
  5121 | D:6      | Reached skill level 8 in Fighting
  5732 | D:6      | Reached XP level 9. HP: 52/59 MP: 12/12
  5962 | Temple   | Entered the Ecumenical Temple
  5971 | Temple   | Became a worshipper of Warmaster Okawaru
  6581 | D:8      | Found a staircase to the Lair.
  6727 | D:8      | Reached skill level 1 in Invocations
  6819 | D:8      | Reached * piety under Okawaru
  7159 | D:8      | Noticed Jeremiah
  7202 | D:8      | Killed Jeremiah
  7498 | D:9      | Found an opulent altar of Gozag.
  7520 | D:9      | Reached skill level 9 in Fighting
  7560 | D:9      | Reached ** piety under Okawaru
  7561 | D:9      | Reached XP level 10. HP: 59/66 MP: 15/15
  7593 | D:9      | Reached skill level 5 in Maces & Flails
  7772 | D:9      | Reached skill level 5 in Summonings
  7778 | D:9      | Noticed a four-headed hydra
  7808 | D:9      | Killed a four-headed hydra
  7808 | D:9      | Reached *** piety under Okawaru
  7809 | D:9      | Reached skill level 1 in Evocations
  7811 | D:9      | Noticed a two-headed ogre
  7935 | D:9      | Killed a two-headed ogre
  7935 | D:9      | Reached **** piety under Okawaru
  8029 | D:9      | Reached XP level 11. HP: 48/72 MP: 15/17
  8041 | D:9      | Reached skill level 10 in Fighting
  8050 | D:9      | Reached skill level 5 in Armour
  8067 | D:9      | Reached skill level 5 in Invocations
  8175 | D:9      | Found Ynguec's Antique Armour Shoppe.
  8180 | D:9      | Bought a kite shield for 139 gold pieces
  8180 | D:9      | Bought a runed chain mail for 232 gold pieces
  8464 | D:9      | Found Lolyrphi's Assorted Antiques.
  8575 | D:9      | You fall into a shaft and drop 2 floors!
  8577 | D:11     | Identified a scroll of acquirement
  8577 | D:11     | Acquired the scarf of the Game Afoot {harm, Will++}
  8756 | D:11     | Found Isaufo's Jewellery Shop.
  8894 | D:11     | Identified the +10 short sword "Pecet" {freeze, rElec rN+
                  | Stlth+}
  8991 | D:11     | Reached ***** piety under Okawaru
  9031 | D:11     | Found a frozen archway.
  9417 | D:11     | Learned a level 5 spell: Freezing Cloud
  9426 | D:10     | Entered Level 10 of the Dungeon
  9458 | D:10     | Noticed Urug
  9502 | D:10     | Urug changed into Urug the snapping turtle
  9502 | D:10     | Noticed Urug
  9526 | D:10     | Killed Urug the snapping turtle
  9717 | D:10     | Found a staircase to the Orcish Mines.
  9743 | D:10     | Found a flagged portal.
  9763 | Bailey   | Entered a bailey
 10960 | D:10     | Found a sacrificial altar of Ru.
 11147 | D:9      | Found an ancient bone altar of Kikubaaqudgha.
 11438 | Lair:1   | Entered Level 1 of the Lair of Beasts
 11468 | D:8      | Reached skill level 10 in Shields
 11526 | D:8      | Reached skill level 11 in Fighting
 11679 | Lair:1   | Reached XP level 12. HP: 56/80 MP: 16/18
 12478 | Lair:1   | Reached skill level 5 in Evocations
 13250 | Orc:1    | Entered Level 1 of the Orcish Mines
 13253 | Orc:1    | Found a burning altar of Makhleb.
 13267 | Orc:1    | Reached skill level 12 in Fighting
 13371 | Orc:2    | Entered Level 2 of the Orcish Mines
 13378 | Orc:2    | Noticed a two-headed ogre
 13394 | Orc:2    | Killed a two-headed ogre
 13764 | Orc:2    | Noticed a two-headed ogre
 13764 | Orc:2    | Noticed a two-headed ogre
 13764 | Orc:2    | Noticed a two-headed ogre
 13764 | Orc:2    | Noticed a two-headed ogre
 13764 | Orc:2    | Noticed a two-headed ogre
 13765 | Orc:2    | Noticed a two-headed ogre
 13765 | Orc:2    | Noticed an ogre mage
 13765 | Orc:2    | Noticed an ogre mage
 13767 | Orc:2    | Noticed a two-headed ogre
 13767 | Orc:2    | Killed a two-headed ogre
 13767 | Orc:2    | Received a gift from Okawaru
 13767 | Orc:2    | Killed a two-headed ogre
 13786 | Orc:2    | Noticed a two-headed ogre
 13786 | Orc:2    | Noticed a two-headed ogre
 13792 | Orc:2    | Noticed a two-headed ogre
 13796 | Orc:2    | Noticed a two-headed ogre
 14144 | Orc:2    | Killed a two-headed ogre
 14176 | Orc:1    | Killed a two-headed ogre
 14177 | Orc:1    | Reached XP level 13. HP: 62/87 MP: 17/19
 14179 | Orc:1    | Reached skill level 1 in Axes
 14232 | Orc:2    | Reached skill level 13 in Fighting
 14421 | Orc:2    | Received a gift from Okawaru
 14502 | Orc:2    | Found Reth's Distillery.
 14502 | Orc:2    | Found Xathrahyu's Distillery.
 14503 | Orc:2    | Found Waumaox's Distillery.
 14503 | Orc:2    | Found Bunlagof's Armour Emporium.
 14624 | Orc:2    | Found a staircase to the Elven Halls.
 14851 | Orc:2    | Bought a scarf of repulsion for 216 gold pieces
 15055 | Orc:1    | Paralysed by an orc sorcerer for 4 turns
 15637 | Lair:2   | Received a gift from Okawaru
 15638 | Lair:2   | Reached skill level 14 in Fighting
 16084 | Lair:2   | Found a staircase to the Snake Pit.
 16228 | Lair:2   | Found a staircase to the Swamp.
 16240 | Lair:2   | Gained mutation: Your large and strong wings let you fly.
                  | [Gargoyle growth]
 16240 | Lair:2   | Reached XP level 14. HP: 68/96 MP: 18/20
 16510 | Lair:2   | Received a gift from Okawaru
 16878 | Lair:3   | Found a runed translucent door.
 17390 | Lair:3   | Reached skill level 10 in Armour
 17535 | Lair:4   | Found a viscous altar of Jiyva.
 17535 | Lair:4   | Found a staircase to the Slime Pits.
 17554 | Lair:4   | Received a gift from Okawaru
 17555 | Lair:4   | Reached skill level 15 in Fighting
 17951 | Lair:5   | Entered Level 5 of the Lair of Beasts
 17991 | Slime:1  | Entered Level 1 of the Pits of Slime
 17991 | Slime:1  | Noticed an acid blob
 17991 | Slime:1  | Noticed a rockslime
 18074 | Lair:5   | Reached skill level 5 in Axes
 18156 | Lair:5   | Reached skill level 10 in Invocations
 18309 | Lair:5   | Received a gift from Okawaru
 18920 | Lair:5   | Reached XP level 15. HP: 75/104 MP: 22/22
 19431 | D:12     | Reached skill level 16 in Fighting
 19435 | D:12     | Reached ****** piety under Okawaru
 19444 | D:12     | Received a gift from Okawaru
 19713 | D:12     | Identified the +3 gold dragon scales "Niroi" {^Drain rPois
                  | rF+ rC+ Will++}
 19775 | D:12     | Received a gift from Okawaru
 19906 | D:12     | Identified the ring "Xugrioh" {rElec rPois rN+ Dex+3}
 20627 | D:13     | Found a gate to the Vaults.
 20637 | D:13     | Received a gift from Okawaru
 20638 | D:13     | Reached skill level 17 in Fighting
 20917 | D:13     | Found Bicwie's Tremendous Tomes.
 21221 | Orc:2    | Bought a +0 pair of gloves for 81 gold pieces
 21221 | Orc:2    | Bought a +0 pair of boots for 81 gold pieces
 21455 | D:14     | Found a gate leading to a gauntlet.
 21537 | Gauntlet | Entered a Gauntlet
 21537 | Gauntlet | Found a transporter.
 21537 | Gauntlet | Found a runed translucent door.
 21537 | Gauntlet | Found a runed translucent door.
 21552 | Gauntlet | Found a transporter.
 21561 | Gauntlet | Found a transporter.
 21574 | Gauntlet | Found a transporter.
 21583 | Gauntlet | Found the +3 pair of seven-league boots {Rampage+∞}
 21590 | Gauntlet | Found a transporter.
 21591 | Gauntlet | Found a transporter.
 21601 | Gauntlet | Found a transporter.
 21707 | Gauntlet | Found a transporter.
 21709 | Gauntlet | Found a transporter.
 21709 | Gauntlet | Found a transporter.
 21710 | Gauntlet | Identified the +0 pair of gloves of Impressiveness {Int+3}
 21743 | Gauntlet | Found a transporter.
 21798 | Gauntlet | Got Oraji's Book of Vile Vapour
 21800 | Gauntlet | Identified the +0 fire dragon scales of the Viny God {rF++
                  | rC- Will+}
 21806 | Gauntlet | Identified the +2 cloak "Durienil" {Rampage ^Drain rPois}
 21885 | D:14     | Reached XP level 16. HP: 85/112 MP: 23/23
 21956 | D:14     | Acquired a +4 vampiric broad axe
 21956 | D:14     | Received a gift from Okawaru
 21959 | D:14     | Acquired the +8 orange crystal plate armour {Archmagi,
                  | Int+3 Clar}
 21959 | D:14     | Received a gift from Okawaru
 21959 | D:14     | Found the +8 orange crystal plate armour {Archmagi, Int+3
                  | Clar}
 22159 | D:15     | Entered Level 15 of the Dungeon
 22363 | D:15     | Received a gift from Okawaru
 22459 | D:15     | Found a staircase to the Depths.
 22823 | D:15     | Found a white marble altar of Elyvilon.
 22823 | D:15     | Found a glowing silver altar of Zin.
 22824 | D:15     | Found a glowing golden altar of the Shining One.
 23271 | Swamp:1  | Entered Level 1 of the Swamp
 23403 | Swamp:1  | Received a gift from Okawaru
 23474 | Swamp:1  | Reached skill level 10 in Evocations
 24158 | Swamp:2  | Acquired a +3 demon whip of freezing
 24841 | Swamp:3  | Received a gift from Okawaru
 25308 | Swamp:4  | Entered Level 4 of the Swamp
 25701 | Swamp:4  | Reached skill level 1 in Throwing
 25753 | Swamp:4  | Reached skill level 18 in Fighting
 25781 | Swamp:4  | Reached XP level 17. HP: 119/119 MP: 24/24
 25834 | Swamp:4  | Reached skill level 15 in Shields
 25917 | Swamp:4  | Noticed the 27-headed Lernaean hydra
 25933 | Swamp:4  | Killed the 18-headed Lernaean hydra
 26227 | Swamp:4  | Got a decaying rune of Zot
 26614 | Snake:1  | Entered Level 1 of the Snake Pit
 26731 | Snake:1  | Reached skill level 1 in Dodging
 26819 | Snake:1  | Received a gift from Okawaru
 28142 | Snake:2  | Noticed Agnes
 28156 | Snake:2  | Killed Agnes
 28874 | Snake:2  | Reached skill level 10 in Axes
 29304 | Snake:3  | Received a gift from Okawaru
 29443 | Snake:3  | Reached XP level 18. HP: 125/125 MP: 26/26
 29478 | Snake:3  | Reached skill level 5 in Throwing
 30126 | Snake:4  | Entered Level 4 of the Snake Pit
 30251 | Snake:4  | Received a gift from Okawaru
 30454 | Snake:4  | Got a serpentine rune of Zot
 30599 | Snake:4  | Identified the serpent talisman of Understanding {rC- rN+
                  | rCorr SInv}
 30599 | Snake:4  | Noticed Aizul
 30621 | Snake:4  | Killed Aizul
 31028 | Snake:4  | Noticed Vashnia
 31058 | Snake:4  | Killed Vashnia
 31058 | Snake:4  | Received a gift from Okawaru
 31504 | Elf:1    | Entered Level 1 of the Elven Halls
 31513 | Elf:1    | Reached skill level 15 in Armour
 31600 | Elf:1    | Reached skill level 5 in Dodging
 31752 | Elf:1    | Received a gift from Okawaru
 31801 | Elf:1    | Found a shimmering altar of Xom.
 31887 | Elf:1    | Paralysed by an air elemental for 1 turns
 31890 | Elf:1    | Paralysed by an air elemental for 1 turns
 31894 | Elf:1    | Paralysed by an air elemental for 1 turns
 31894 | Abyss:3  | Cast into level 3 of the Abyss (+2 short sword of
                  | distortion)
 31959 | Abyss:3  | Reached XP level 19. HP: 87/130 MP: 25/28
 32232 | Elf:1    | Escaped the Abyss
 32234 | Elf:1    | Paralysed by an air elemental for 1 turns
 32239 | Elf:1    | Paralysed by an air elemental for 1 turns
 32627 | Elf:1    | Got the Volume of Hyperthermia
 33070 | Elf:2    | Paralysed by an air elemental for 1 turns
 33074 | Elf:2    | Paralysed by an air elemental for 1 turns
 33357 | Elf:2    | Found a huge runed translucent gate.
 33357 | Elf:2    | Found a huge runed translucent gate.
 33367 | Elf:2    | Found a huge runed translucent gate.
 33368 | Elf:2    | Found a huge runed translucent gate.
 33369 | Elf:2    | Found a huge runed translucent gate.
 33418 | Elf:2    | Found Litod's Antique Weapon Shop.
 33537 | Elf:2    | Received a gift from Okawaru
 33546 | Arena    | Entered the Arena
 34079 | Elf:3    | Entered Level 3 of the Elven Halls
 34156 | Elf:3    | Found Goilim's Weapon Emporium.
 34443 | Elf:3    | Reached XP level 20. HP: 27/132 MP: 29/29
 34506 | Elf:3    | Received a gift from Okawaru
 34544 | Arena    | Entered the Arena
 34551 | Arena    | HP: 4/135 [balrug/divine providence[a deep elf
                  | demonologist] (11)]
 34552 | Arena    | Killed from afar by a Hell Sentinel

Illustrated notes

Levels and vault maps discovered:
D:1:      saegor_arrival_fortress, layout_basic
D:2:      layout_basic, basic_altar, ebering_ecumenical_altar_hall,
          grunt_ministairs_9, kennysheep_another_room
D:3:      minmay_door_path, layout_loops_ring, serial_co_window_serial,
          co_window_corner_a, co_window_corner_a, co_window_paths_a,
          co_window_paths_a, co_window_paths_a, co_window_paths_a,
          co_window_corner_b, co_window_corner_b, co_window_corner_ca,
          co_window_paths_e, co_window_4corner_b, glass_columns_a,
          glass_columns_c, minmay_fractal_squares_diagonal_5
D:4:      layout_cave_pools, uniq_pikel, uniq_eustachio
D:5:      layout_gridville, temple_statues, ebering_ghost_sewer_d
D:6:      layout_loops_corners, kennysheep_mini, gammafunk_ghost_cemetery
D:7:      layout_rooms
D:8:      layout_basic, dpeg_oklobed_lair, minmay_starry_boxes, uniq_jeremiah
D:9:      minmay_octagon_keep, layout_rooms,
          lemuel_mausoleum_altar_kikubaaqudgha, amcnicky_altar_gilded,
          serial_shops, nicolae_shop_just_a_little_nook,
          nicolae_shop_rolling_square, kennysheep_generic_room_5
D:10:     layout_loops_ring, nicolae_ru_path_of_blood, orc_0_dummy,
          enter_bailey_3, uniq_urug
D:11:     layout_basic, portal_ice_cave_entry_imps, serial_shops, shop
D:12:     minmay_the_grid_square_5x5_4x4_mashed
          [minmay_the_grid_square_5x5_hollow_slash,
          minmay_the_grid_square_5x5_z, minmay_the_grid_square_5x5_lines,
          minmay_the_grid_square_5x5_shrine2, minmay_the_grid_square_5x5_plus,
          minmay_the_grid_square_5x5_prize_deathbox,
          minmay_the_grid_square_5x5_prize_gold,
          minmay_the_grid_square_5x5_empty,
          minmay_the_grid_square_5x5_two_walls_a,
          minmay_the_grid_square_5x5_prize_junk,
          minmay_the_grid_square_5x5_prize_pseudospiral,
          minmay_the_grid_square_5x5_minivault,
          minmay_the_grid_square_5x5_one_wall, minmay_the_grid_square_5x5_fat_x,
          minmay_the_grid_square_5x5_broken_cross,
          minmay_the_grid_square_5x5_shrine1], layout_rooms
D:13:     layout_basic, grunt_vaults_entry_tiered, nicolae_shop_i_like_big_books
D:14:     layout_big_octagon, gauntlet_entry_generic
D:15:     hangedman_depths_entry_try_elsewhere_first, layout_loops_ring,
          good_gods_temple_1
Temple:   dpeg_three_leaves_temple
Lair:1:   layout_cave_pods, serial_bayou_ford_a
Lair:2:   layout_hall_layers, palyth_hydra_swamp_entry,
          guppyfry_snake_entry_garden
Lair:3:   dreamdust_labyrinth, layout_hall_layers, lemuel_fruit_tree,
          serial_bayou_shore_a
Lair:4:   layout_big_grid, slime_entry_1, eino_small_chamber_without_monster
Lair:5:   evilmike_catoblepas_cave, layout_loops_ring,
          infiniplex_staircase_pool_2
Swamp:1:  layout_falls_marsh, nicolae_swamp_little_tower,
          infiniplex_staircase_pool, nicolae_swamp_tree_isthmus
Swamp:2:  layout_basic_swamp, nicolae_swamp_little_swirl
Swamp:3:  layout_basic_swamp, evilmike_swamp_ruin_house_5
Swamp:4:  swamp_old_school, layout_basic_swamp, swamp_pool_1_2,
          nicolae_swamp_soggy_hallways, nicolae_swamp_decorative_isthmus
Snake:1:  layout_layer_cave, grunt_ministairs_13
Snake:2:  layout_layer_cave, uniq_agnes
Snake:3:  layout_onion
Snake:4:  minmay_snake_end_coiled, layout_cave_town, uniq_vashnia, uniq_aizul
Slime:1:  layout_caves, cheibrodos_slime_lost_civilization_7
Orc:1:    layout_caves, serial_shops, basic_altar
Orc:2:    st_orc_ogre_mass, layout_caves
Elf:1:    eino_elf_arrival_sip, layout_gridlike, basic_altar,
          hangedman_elven_crosses_minicolossus, evilmike_minifort,
          grunt_megastairs_5
Elf:2:    elven_hall_of_blades_hangedman_alternative
          [nicolae_blade_entry_diamond_columns], layout_gridlike, serial_shops,
          shop, hex_medium
Elf:3:    minmay_elf_hall_quartered_circle, layout_geoelf_grid, serial_shops,
          shop, basic_altar, st_stairs_7
Arena

Skill      XL: |  1  2  3  4  5  6  7  8  9 10 11 12 13 14 15 16 17 18 19 |
---------------+----------------------------------------------------------+-----
Fighting       | 4 5 6 7 8 9 11 12 14 15 17 18 | 18.3
Shields        | 4 5 6 7 8 9 10 11 12 13 14 15 | 15.3
Spellcasting   | 2 3 4 |  4.7
Summonings     | 2 4 5 |  5.1
Maces & Flails | 3 4 6 7 8 |  8.5
Invocations    | 2 4 6 7 9 10 11 12 | 12.2
Armour         | 4 6 8 9 10 12 13 14 15 16 | 16.4
Evocations     | 2 4 5 7 8 9 10 11 | 11.7
Axes           | 3 5 7 8 10 11 12 | 12.3
Throwing       | 1 4 6 8 |  8.7
Dodging        | 3 5 7 |  7.4

Action                     |  1- 3 |  4- 6 |  7- 9 | 10-12 | 13-15 | 16-18 | 19-21 || total
---------------------------+-------+-------+-------+-------+-------+-------+-------++-------
  Melee: Flail             |    38 |       |       |       |       |       |       ||    38
         Short sword       |    91 |   270 |    17 |       |       |       |       ||   378
         Whip              |       |       |   447 |  1425 |    24 |       |       ||  1896
         Trident           |       |       |       |   102 |       |       |       ||   102
         Broad axe         |       |       |       |    31 |   703 |  1673 |   687 ||  3094
         Morningstar       |       |       |       |       |   157 |       |       ||   157
         Hand axe          |       |       |       |       |   133 |   124 |       ||   257
         Demon whip        |       |       |       |       |       |    19 |       ||    19
  Throw: Throwing net      |       |       |       |     1 |       |       |       ||     1
         Boomerang         |       |       |       |     7 |     3 |     1 |       ||    11
         Javelin           |       |       |       |       |       |       |     4 ||     4
 Invoke: Heroism           |       |       |       |    19 |    22 |    23 |    13 ||    77
         Receive Weapon    |       |       |       |       |       |     1 |       ||     1
         Receive Armour    |       |       |       |       |       |     1 |       ||     1
         Finesse           |       |       |       |       |       |     3 |     1 ||     4
         Duel              |       |       |       |       |       |       |     2 ||     2
  Evoke: Wand              |       |       |     6 |     8 |     5 |     1 |     8 ||    28
         Lightning rod     |       |       |       |     6 |     5 |       |       ||    11
         Tin of tremorston |       |       |       |       |     2 |       |     1 ||     3
         Phial of floods   |       |       |       |       |       |       |     1 ||     1
    Use: Potion            |       |     1 |     2 |     5 |     1 |       |     3 ||    12
         Scroll            |       |       |    15 |    11 |     6 |     5 |     4 ||    41
   Stab: Held in net/web   |       |       |       |     1 |       |       |       ||     1
         Distracted        |       |       |       |       |       |       |     1 ||     1
 Armour: Scale mail        |    93 |   163 |    18 |       |       |       |       ||   274
         Chain mail        |       |       |   373 |   580 |   943 |       |       ||  1896
         Plate armour      |       |       |    28 |       |       |       |       ||    28
         Leather armour    |       |       |       |   431 |       |       |       ||   431
         Gold dragon scale |       |       |       |       |   342 |  1997 |   519 ||  2858
  Dodge: Dodged            |    72 |   116 |   179 |   543 |   681 |   761 |   207 ||  2559
         Repelled          |       |       |       |       |     5 |    76 |    23 ||   104
  Block: Buckler           |    21 |    49 |   110 |    82 |       |       |       ||   262
         Kite shield       |       |       |       |   578 |  1004 |  1608 |   440 ||  3630
         Reflection        |       |       |       |       |       |    53 |    30 ||    83
